AoeStats
← | Lucky Luke |

Black Forest

505732808Analyzed
4v4 RM · 20d ago on Sep 10, 2026· 53m 56s· 8 players
Game mode
Random Map
Map size
Large (8 player)
Population
200
Speed
Normal
Resources
Standard
Victory
Conquest
Starting age
Dark Age
Ending age
Imperial Age
RankedLock teamsTeams togetherTeam positionsShared explorationLock speedFull tech treeHidden civsTurbo modeCheats
Victory
Defeat
🇩🇪 Goths · Germany
1172
+13
🇮🇹 Sicilians · Italy
1148
+14
🇫🇷 Romans · France
1140
+15
🇩🇪 Mongols · Germany
1139
+15
🇩🇪 Portuguese · Germany
1229
-18
🇩🇪 Franks · Germany
1152
-16
🇩🇪 Cumans · Germany
1076
-13
🇩🇪 Vietnamese · Germany
1001
-10
Darth Joker2673
0:52 Loom
11:29 Feudal Age
11:58 Double-Bit Axe
12:44 Horse Collar
16:10 Castle Age
14:06 Gold Mining
15:28 Stone Mining
17:08 Bow Saw
18:51 Heavy Plow
25:25 Wheelbarrow
26:34 Hand Cart
26:34 Town Watch
27:58 Caravan
28:39 Stone Shaft Mining
28:46 Gold Shaft Mining
32:41 Imperial Age
30:42 Nomads
30:35 Fletching
30:47 Padded Archer Armor
30:53 Scale Barding Armor
30:59 Forging
31:48 Coinage
31:43 Ballistics
31:19 Murder Holes
31:35 Fortified Wall
31:36 Masonry
31:33 Bodkin Arrow
31:54 Husbandry
32:04 Bloodlines
32:09 Light Cavalry
33:32 Siege Engineers
32:59 Onager
34:03 Drill
34:05 Conscription
34:38 Hoardings
34:22 Leather Archer Armor
34:35 Parthian Tactics
35:28 Chemistry
34:35 Bracer
34:51 Town Patrol
35:09 Thumb Ring
35:19 Elite Mangudai
37:10 Siege Onager
37:11 Capped Ram
40:08 Chain Barding Armor
40:24 Iron Casting
39:47 Siege Ram
39:53 Hussar
43:12 Banking
47:08 Heavy Scorpion
51:58 Sappers
SNOWMAN
7:29 Loom
9:53 Feudal Age
10:39 Double-Bit Axe
10:35 Horse Collar
15:29 Fletching
21:07 Castle Age
22:10 Town Watch
23:01 Bow Saw
22:52 Heavy Plow
23:49 Wheelbarrow
28:54 Town Patrol
29:05 Bodkin Arrow
29:13 Gold Mining
33:19 Imperial Age
31:10 Scale Mail Armor
31:21 Forging
31:12 Padded Archer Armor
31:25 Masonry
30:47 Pikeman
31:28 Squires
32:01 Ballistics
32:25 Chain Mail Armor
33:17 Iron Casting
33:28 Halberdier
34:57 Plate Mail Armor
37:12 Blast Furnace
38:10 Conscription
38:12 Bracer
39:18 Leather Archer Armor
39:01 Murder Holes
41:00 Scale Barding Armor
41:22 Cavalier
42:02 Husbandry
41:23 Light Cavalry
42:14 Bloodlines
46:16 Hauberk
47:14 Crop Rotation
54:33 Hand Cart
Eric212
0:30 Loom
13:10 Feudal Age
14:22 Gold Mining
14:23 Double-Bit Axe
19:37 Castle Age
18:11 Fishing Lines
20:51 Bow Saw
21:01 Stone Mining
21:31 Horse Collar
23:41 Wheelbarrow
23:18 Heavy Plow
24:44 Stone Shaft Mining
26:14 Hand Cart
31:14 Imperial Age
28:30 Town Watch
28:59 Pikeman
29:39 Squires
29:00 Man-at-Arms
29:52 Forging
29:43 Scale Mail Armor
30:00 Masonry
30:11 Ballistics
32:46 Conscription
32:27 Perfusion
32:28 Anarchy
32:49 Chain Mail Armor
33:09 Iron Casting
33:20 Halberdier
33:21 Long Swordsman
35:13 Crop Rotation
35:47 Two-Man Saw
35:47 Guilds
36:08 Coinage
35:39 Caravan
36:46 Blast Furnace
35:08 Elite Huskarl
36:16 Two-Handed Swordsman
36:41 Champion
41:57 Chemistry
41:28 Architecture
40:54 Murder Holes
44:18 Fervor
53:43 Banking
ILLYRIAN A1B
2:26 Loom
12:50 Feudal Age
13:21 Double-Bit Axe
20:38 Castle Age
22:00 Fishing Lines
22:41 Bow Saw
23:49 Gold Mining
23:55 Stone Mining
28:05 Imperial Age
26:14 Ballistics
26:48 Caravan
27:44 Gillnets
29:04 Ballistas
28:40 Capped Ram
31:11 Siege Engineers
31:00 Horse Collar
32:16 Heavy Scorpion
35:12 Siege Ram
40:55 Onager
52:30 Masonry
52:31 Fortified Wall
420_BUSSYGARGLER_420
1:45 Loom
14:34 Feudal Age
19:03 Castle Age
17:47 Double-Bit Axe
19:56 Wheelbarrow
19:42 Horse Collar
22:44 Bow Saw
24:08 Squires
26:20 Heavy Plow
30:41 Hand Cart
32:54 Chatras
32:53 Pikeman
39:13 Imperial Age
37:03 Fortified Wall
37:16 Ballistics
39:12 Husbandry
39:51 Bloodlines
39:25 Halberdier
44:26 Cavalier
45:49 Scale Barding Armor
45:55 Forging
53:27 Hoardings
| Lucky Luke |
11:26 Feudal Age
17:06 Castle Age
15:40 Double-Bit Axe
16:39 Horse Collar
21:17 Heavy Plow
23:13 Bow Saw
25:00 Scale Barding Armor
25:38 Loom
26:31 Forging
26:42 Chain Barding Armor
29:10 Wheelbarrow
30:19 Hand Cart
29:55 Town Watch
31:09 Bloodlines
31:10 Gold Mining
34:29 Imperial Age
32:01 Town Patrol
32:41 Iron Casting
32:51 Gold Shaft Mining
34:32 Cavalier
36:17 Blast Furnace
35:53 Plate Barding Armor
36:18 Paladin
38:25 Light Cavalry
40:43 Caravan
40:26 Hussar
42:47 Fletching
42:58 Padded Archer Armor
42:55 Elite Skirmisher
44:38 Chemistry
43:59 Ballistics
43:41 Imperial Skirmisher
47:35 Bodkin Arrow
IWishIWasAFlower
0:58 Loom
11:49 Feudal Age
18:54 Castle Age
19:58 Double-Bit Axe
28:21 Imperial Age
26:02 Fletching
26:51 Crossbowman
27:35 Bodkin Arrow
29:30 Bracer
30:48 Chemistry
31:27 Wheelbarrow
32:14 Arbalester
33:33 Ballistics
37:13 Bombard Tower
39:35 Conscription
41:18 Siege Engineers
44:57 Hand Cart
45:18 Guard Tower
50:35 Keep
50:11 Masonry
roran211
6:58 Loom
10:54 Feudal Age
15:27 Castle Age
14:39 Double-Bit Axe
18:26 Wheelbarrow
23:30 Bow Saw
24:59 Hand Cart
26:15 Scale Barding Armor
26:26 Forging
28:23 Chain Barding Armor
29:05 Iron Casting
32:16 Imperial Age
30:23 Husbandry
33:37 Plate Barding Armor
32:30 Cavalier
35:01 Paladin
44:23 Conscription
45:53 Blast Furnace
Connection lost

Rejoining the realm…

Still unreachable

The connection could not be restored.

Session expired

The server has moved on; the page needs a fresh start.